Map: Abiogenesis LE

Players

naaapal

  • Race: Protoss Protoss
  • Spawn Location: 11:00

Infamous - Winner!

  • Race: Protoss Protoss
  • League: Gold
  • Spawn Location: 5:00

VOD

Have the link to the VOD?

Description

Time

  • Played on: April 17, 2018, 10:37 a.m.
  • Length: 7:22
Show
View Real Time Build Order
Export as new Build Order

naaapal Protoss 

Build Orders:  

Get SALT Encoding   

  12  0:09  Probe (Chrono Boost)  
  13  0:19  Probe (Chrono Boost)  
  13  0:21  Pylon  
  14  0:30  Probe  
  15  0:42  Probe  
  16  0:43  Forge  
  16  0:54  Probe  
  17  1:01  Pylon  
  17  1:21  Photon Cannon  
  16  1:48  Pylon  
  16  1:56  Probe (Chrono Boost), Pylon  
  17  2:04  Gateway  
  17  2:06  Gateway  
  17  2:07  Probe (Chrono Boost)  
  18  2:10  Gateway  
  18  2:11  Probe (Chrono Boost)  
  19  2:17  Assimilator  
  19  2:23  Probe  
  20  2:35  Probe  
  20  2:36  Photon Cannon  
  21  3:00  Zealot x3  
  27  3:16  Pylon  
  27  3:21  Pylon  
  27  3:24  Nexus  
  27  3:41  Cybernetics Core  
  27  3:49  Zealot x2 (Chrono Boost)  
  27  3:55  Zealot (Chrono Boost)  
  27  4:32  Warp Gate  
  27  4:49  Stargate  
  27  4:57  Stargate  
  27  5:04  Probe  
  27  5:05  Assimilator  
  28  5:10  Assimilator  
  28  5:14  Assimilator  
  28  5:16  Probe  
  28  5:18  Zealot x2 (Chrono Boost)  
  33  5:29  Probe  
  32  5:41  Probe  
  33  5:53  Probe  
  32  6:04  Void Ray  
  34  6:19  Pylon  
  34  6:20  Zealot  
  34  6:21  Pylon  
Show
View Real Time Build Order
Export as new Build Order

Infamous Protoss - Winner!

Build Orders:  

Get SALT Encoding   

  12  0:01  Probe  
  13  0:14  Probe  
  14  0:24  Pylon  
  14  0:26  Probe  
  15  0:42  Probe (Chrono Boost)  
  16  0:44  Gateway  
  16  0:54  Probe (Chrono Boost)  
  17  1:05  Probe (Chrono Boost)  
  17  1:09  Assimilator  
  18  1:19  Probe  
  18  1:25  Gateway  
  19  1:27  Assimilator  
  19  1:34  Zealot  
  21  1:42  Probe  
  21  1:43  Cybernetics Core  
  22  1:47  Assimilator  
  22  1:57  Probe (Chrono Boost)  
  23  2:13  Pylon  
  23  2:29  Stalker (Chrono Boost)  
  23  2:31  Probe  
  28  2:38  Stalker (Chrono Boost)  
  28  2:40  Warp Gate  
  28  2:54  Probe  
  29  3:05  Nexus  
  29  3:06  Probe  
  30  3:18  Probe  
  31  3:33  Pylon  
  30  3:50  Stalker  
  30  3:51  Stalker  
  32  4:19  Probe (Chrono Boost)  
  32  4:20  Stalker x2 (Chrono Boost)  
  38  4:24  Probe (Chrono Boost)  
  38  4:29  Robotics Facility  
  38  4:30  Probe (Chrono Boost)  
  39  4:34  Probe (Chrono Boost)  
  40  4:39  Pylon  
  40  4:45  Pylon, Probe  
  41  4:46  Probe  
  42  4:56  Gateway  
  42  4:57  Probe  
  42  4:58  Probe  
  44  5:07  Shield Battery  
  44  5:09  Shield Battery  
  44  5:20  Immortal  
  48  5:28  Probe x2  
  48  5:39  Pylon  
  44  5:59  Immortal  
  48  6:07  Stalker x3  
  52  6:47  Stalker x3  
  56  7:18  Stalker x3  
Tags
 
League
Gold
Matchup
PvP
Replay Pack
Last Remnant (2)
Spawn Locations
Cross Positions
Add a new tag
Caveats
  • Supply blocks, unpowered buildings, or Contaminate may cause inaccurate times.
  • Supply counts are checked every 10 seconds.